 Dungeon Crawl Stone Soup version 0.19.5 (webtiles) character file.

53 Firecrotchwizard the Poker (level 3, -3/28 HPs)
             Began as a Merfolk Gladiator on Apr 19, 2017.
             Slain by Crazy Yiuf
             ... wielding a +4 quarterstaff of chaos
              (12 damage)
             ... on level 2 of the Dungeon.
             The game lasted 00:03:13 (1581 turns).

Firecrotchwizard the Poker (Merfolk Gladiator)      Turns: 1581, Time: 00:03:14

Health: -3/28      AC:  4    Str: 15    XL:     3   Next: 87%
Magic:  3/3        EV: 14    Int:  8    God:
Gold:   60         SH:  0    Dex: 14    Spells: 0 memorised, 2 levels left

rFire  . . .     SeeInvis .     a - +0 trident
rCold  . . .     Gourm    .     b - +0 leather armour
rNeg   . . .     Faith    .     (no shield)
rPois  .         Spirit   .     l - +0 helmet
rElec  .         Reflect  .     (no cloak)
rCorr  .         Harm     .     (no gloves)
MR     .....                    (no boots)
Stlth  +.........               (no amulet)
                                (no ring)
                                (no ring)

@: lethally poisoned (-3 -> -9), drained
A: change form in water, swift swim, stealthy swim
a: no special abilities


You were on level 2 of the Dungeon.
You were not hungry.

You visited 1 branch of the dungeon, and saw 2 of its levels.

You collected 60 gold pieces.

Inventory:

Hand Weapons
 a - a +0 trident (weapon)
Missiles
 d - 3 throwing nets {=f, !d}
Armour
 b - a +0 leather armour (worn)
 c - a +0 helmet
 l - a +0 helmet (worn)
   (You found it on level 2 of the Dungeon)
Scrolls
 e - a scroll of magic mapping {unknown}
 g - a scroll of noise {unknown}
 i - a scroll of random uselessness {unknown}
 j - a scroll of enchant armour {unknown}
 m - a scroll of fear {unknown}
Potions
 k - a potion of agility {unknown}
Comestibles
 f - 3 bread rations {@e1}
 h - 2 chunks of flesh {@w0}
 n - a meat ration {@e2}


   Skills:
 + Level 2.7(2.4) Fighting
 + Level 5.1(4.8) Polearms
 + Level 2.5(2.2) Throwing
 + Level 4.8(4.5) Dodging


You had 2 spell levels left.
You didn't know any spells.

Dungeon Overview and Level Annotations

Branches:
Dungeon (2/15)

Altars:

Annotations:
D:2 Crazy Yiuf, Sigmund


Message History

You see here 15 arrows.
n - a meat ration {@e2} Some of the chunks of flesh in your inventory have rotted away.
A frilled lizard comes into view.
Attack whom?
Aim: a frilled lizard (hasn't noticed you)
You reach to attack!
The frilled lizard hisses angrily.
You hit the frilled lizard.
You kill the frilled lizard!
No target in view!
You start removing your armour.
You continue taking off your +0 helmet. x4
You finish taking off your +0 helmet.
You start putting on your armour.
You continue putting on your helmet. x5
You finish putting on your +0 helmet.
Found an escape hatch in the floor.
Found a stone staircase leading up.
You open the door.
There is an open door here.
Found an escape hatch in the ceiling.
There is an escape hatch in the floor here.
You open the door.
There is a stone staircase leading up here.
There is an escape hatch in the floor here.
All of the chunks of flesh in your inventory have rotted away.
There is an escape hatch in the floor here.
A rat comes into view.
You hit the rat. The rat completely misses you.
You closely miss the rat. The rat completely misses you.
You hit the rat.
You kill the rat!
Found a stone staircase leading up.
A rat comes into view.
You see here 18 stones.
You barely miss the rat. The rat misses you.
You hit the rat.
You kill the rat!
No target in view!
You are feeling hungry.
You may need something to eat soon, looking for food.
Can't find anything matching that.
Sorry, you're not good enough to have a special ability.
You see here 18 stones.
A worm comes into view.
The worm moves out of view.
You see here a whip.
You see here a whip.
There is an open door here.
You are feeling very hungry.
The worm is too close now for your liking.
Attack whom?
Aim: a worm (hasn't noticed you)
You reach to attack!
You puncture the worm! You hit the worm. You hit the worm. You hit the worm.
The worm closely misses you.
Attack whom?
Aim: a worm (severely wounded)
You reach to attack!
You hit the worm.
Attack whom?
Aim: a worm (severely wounded)
You reach to attack!
You puncture the worm!
You kill the worm!
You see here a worm corpse.
You butcher the worm corpse.
h - 3 chunks of flesh {@w0} Autoeating chunks.
Eating one of 3 chunks of flesh {@w0}.
You start eating one of the 3 chunks of flesh {@w0}.
You open the door.
Crazy Yiuf the Enlightened comes into view.
He is wielding a quarterstaff of chaos.
Crazy Yiuf shouts!
There is an open door here.
Attack whom?
Aim: Crazy Yiuf, wielding a quarterstaff of chaos and wearing a cloak You reach to attack!
You hit Crazy Yiuf. You hit Crazy Yiuf.
Crazy Yiuf hits you with a quarterstaff of chaos.
You are poisoned.
You take 6 damage, and have 22/28 hp.
MASSIVE DAMAGE!!
You hit Crazy Yiuf but do no damage.
You feel sick. Crazy Yiuf misses you.
You take 1 damage, and have 21/28 hp.
You hit Crazy Yiuf but do no damage.
You feel sick.
Crazy Yiuf hits you with a quarterstaff of chaos!
You feel drained.
You take 9 damage, and have 12/28 hp.
MASSIVE DAMAGE!!
You hit Crazy Yiuf but do no damage.
You feel sick. Crazy Yiuf barely misses you.
You take 1 damage, and have 11/28 hp.
You completely miss Crazy Yiuf. Crazy Yiuf misses you.
You hit Crazy Yiuf.
You feel sick.
You take 1 damage, and have 10/28 hp.
You hit Crazy Yiuf but do no damage.
You feel sick.
Crazy Yiuf cries, "Seed light agre!"
Crazy Yiuf closely misses you.
You take 1 damage, and have 9/28 hp.
You barely miss Crazy Yiuf.
Crazy Yiuf hits you with a quarterstaff of chaos!
You die...

######.#######################.##
.................................
######.##########################
#.# ###'# ####...##♣♣♣♣♣
...'....#..♣.♣♣♣ ####
####......♣.♣..♣#...#
#.......♣♣♣♣.@g..# ##...#.♣♣
♣♣#..)# #### #.###♣♣ #### #...
#.# #... #####.# ########...
......# ##.......... #####.#
#........... ....#.# #...........
###.#.# #....<......


You could see Crazy Yiuf.

Vanquished Creatures
  An adder (D:2)
  An ooze (D:1)
  2 worms (D:2)
  A leopard gecko (D:1)
  3 ball pythons
  2 goblins (D:1)
  3 hobgoblins (D:1)
  6 jackals (D:2)
  A quokka (D:2)
  4 bats
  A frilled lizard (D:2)
  A kobold (D:1)
  7 rats
33 creatures vanquished.

Notes
Turn   | Place    | Note
-------+----------+-------------------------------------------
     0 | D:1      | Firecrotchwizard the Merfolk Gladiator began the quest for the Orb.
     0 | D:1      | Reached XP level 1. HP: 16/16 MP: 1/1
   101 | D:1      | Reached XP level 2. HP: 15/23 MP: 2/2
   362 | D:1      | Reached skill level 5 in Polearms
   494 | D:2      | Reached XP level 3. HP: 28/28 MP: 3/3
   727 | D:2      | Noticed Sigmund
   817 | D:2      | Found a runed door.
  1571 | D:2      | Noticed Crazy Yiuf
  1581 | D:2      | Slain by Crazy Yiuf

Skill      XL: |  1  2 |
---------------+-------+-----
Polearms       | 5 |  5.1
Fighting       | |  2.7
Throwing       | |  2.5
Dodging        | |  4.8

Action                   || total
-------------------------++-------
Melee: Trident           ||   130
  Eat: Chunk             ||     2
Armor: Leather armour    ||    14
Dodge: Dodged            ||    86

Vault maps used:
D:1:      lemuel_arrival_funnel
D:2:      uniq_crazy_yiuf_cottage, uniq_sigmund

Table legend:
 A = Turns spent in this place as a percentage of turns spent in the entire game.
 B = Non-inter-level travel turns spent in this place as a percentage of non-inter-level travel turns spent in the entire game.
 C = Inter-level travel turns spent in this place as a percentage of turns spent in this place.
 D = Turns resting spent in this place as a percentage of non-inter-level travel turns spent in this place.
 E = Turns spent auto-exploring this place as a percentage of non-inter-level travel turns spent in this place.
 F = Non-inter-level travel turns spent in this place divided by the number of levels of this place that you've seen.
                   A       B       C       D       E      F
               +-------+-------+-------+-------+-------+----------------------
         Total | 100.0 | 100.0 |   0.3 |   1.8 |  13.5 | 163.0
       Dungeon | 100.0 | 100.0 |   0.3 |   1.8 |  13.5 | 163.0
               +-------+-------+-------+-------+-------+----------------------

Table legend:
 A = Kills in this place as a percentage of kills in entire the game.
 B = Kills by you in this place as a percentage of kills by you in the entire game.
 C = Kills by friends in this place as a percentage of kills by friends in the entire game.
 D = Other kills in this place as a percentage of other kills in the entire game.
 E = Experience gained in this place as a percentage of experience gained in the entire game.
 F = Experience gained in this place divided by the number of levels of this place that you have seen.
                   A       B       C       D       E      F
               +-------+-------+-------+-------+-------+----------------------
         Total | 100.0 | 100.0 |  -nan |  -nan | 100.0 |  38.0
       Dungeon | 100.0 | 100.0 |  -nan |  -nan | 100.0 |  38.0
               +-------+-------+-------+-------+-------+----------------------
